 Dungeon Sprint DCSS version 0.21-a0-260-g9b2435e (webtiles) character file.

452 Kidiri the Thaumaturge (level 6, -3/39 HPs)
             Began as a Deep Elf Fire Elementalist on Sept 7, 2017.
             Was an Initiate of Vehumet.
             Slain by Sonja
             ... wielding a +2 dagger of distortion
              (4 damage)
             ... in the Dungeon (Sprint I: "Red Sonja").
             The game lasted 00:01:41 (466 turns).

Kidiri the Thaumaturge (Deep Elf Fire Elementalist)  Turns: 466, Time: 00:01:42

Health: -3/39      AC:  2    Str:  5    XL:     6   Next: 75%
Magic:  7/21       EV: 16    Int: 22    God:    Vehumet [......]
Gold:   297        SH:  0    Dex: 15    Spells: 8/26 levels left

rFire    . . .     SeeInvis .   (no weapon)
rCold    . . .     Gourm    .   (no shield)
rNeg     . . .     Faith    .   a - +0 robe
rPois    .         Spirit   .   (no helmet)
rElec    .         Reflect  .   (no cloak)
rCorr    .         Harm     .   (no gloves)
MR       .....     NoTele   +   (no boots)
Stlth    ++........             (no amulet)
HPRegen  0.13/turn              (no ring)
MPRegen  0.17/turn              (no ring)

@: lethally poisoned (-3 -> -20), very slightly contaminated, slowed, very slow
A: no striking features
a: Renounce Religion


You were in the Dungeon.
You worshipped Vehumet.
Vehumet was noncommittal.
You were not hungry.

You visited 1 branch You collected 297 gold pieces.

Inventory:

Armour
 a - a +0 robe (worn)
Wands
 d - a wand of random effects (21/48)
 k - a wand of polymorph (18/24)
Scrolls
 i - a scroll of blinking
 l - a scroll of identify {unknown}
Potions
 e - a potion of heal wounds
 f - 2 potions of haste
 g - a potion of magic
 h - a potion of berserk rage
Books
 b - a book of Flames

   Spells                             Type                      Level
   a - Flame Tongue                   Conjuration/Fire             1
   b - Throw Flame                    Conjuration/Fire             2
   c - Conjure Flame                  Conjuration/Fire             3
   d - Inner Flame                    Hexes/Fire                   3
   e - Sticky Flame                   Conjuration/Fire             4
   f - Fireball                       Conjuration/Fire             5
Comestibles
 c - a bread ration


   Skills:
 + Level 4.3 Fighting
 + Level 4.4 Armour
 + Level 6.9 Dodging
 - Level 2.4 Stealth
 * Level 10.5 Spellcasting
 + Level 6.0 Conjurations
 + Level 6.9 Fire Magic


You had 8 spell levels left.
You knew the following spells:

 Your Spells              Type           Power        Failure   Level  Hunger
a - Flame Tongue          Conj/Fire      #####        1%          1    None
b - Throw Flame           Conj/Fire      #####.       1%          2    None
c - Conjure Flame         Conj/Fire      #####...     1%          3    None
d - Inner Flame           Hex/Fire       ####....     4%          3    None
e - Sticky Flame          Conj/Fire      #####...     4%          4    #......
f - Fireball              Conj/Fire      #####.....   11%         5    ####...


Dungeon Overview and Level Annotations

Branches:
Dungeon (1/1)

Altars:
Cheibriados
Dithmenos
Elyvilon
Fedhas
Gozag
Hepliaklqana
Kikubaaqudgha
Nemelex Xobeh
Okawaru
Qazlal
Ru
Sif Muna
Trog
Uskayaw
Vehumet
Wu Jian
Yredelemnul
Zin
The Shining One

Shops:
D :

Annotations:
D Sonja


Message History

Press: ? - help, Shift-Dir - straight line, f/p - Sonja
Aim: Sonja, wielding a blowgun (lightly wounded)
The sticky flame hits Sonja.
Sonja is moderately wounded.
Sonja is covered in liquid flames!
* * * LOW HITPOINT WARNING * * *
You feel very sick.
Sonja burns!
Sonja unwields an uncursed blowgun.
Sonja wields an uncursed dagger of distortion.
Its appearance distorts for a moment.
Sonja barely misses you. Sonja completely misses you. Sonja barely misses you.
Sonja hits you with an uncursed dagger of distortion.
* * * LOW HITPOINT WARNING * * *
You feel a strange sense of stasis.
Sonja hits you with an uncursed dagger of distortion.
* * * LOW HITPOINT WARNING * * *
Space bends around you.
* * * LOW HITPOINT WARNING * * *
Sonja hits you with an uncursed dagger of distortion.
You die...

################
#<.#..'..#.)'..#
#..'))#..'..#..+
#..#####+#####'#
#..####..#...#(#
#..#__####..##.#
#..#_____##+#_.+
#⌠⌠#_.∩...+(.._#
####_..__##@K#+#
#_____###(#.#
####### #.###
$§$ #$.$# ##.##
#+#


You could see Sonja (burning).

Vanquished Creatures
  Sigmund (D)
  A yak (D)
  An ogre (D)
  A jelly (D)
  Ijyb (D)
5 creatures vanquished.

Notes
Turn   | Place    | Note
-------+----------+-------------------------------------------
     0 | D        | Kidiri the Deep Elf Fire Elementalist began the quest for the Orb.
     0 | D        | Reached XP level 1. HP: 10/10 MP: 6/6
     2 | D        | Noticed Ijyb
    14 | D        | Killed Ijyb
    14 | D        | Reached skill level 1 in Fighting
    14 | D        | Reached skill level 1 in Armour
    14 | D        | Reached skill level 5 in Spellcasting
    14 | D        | Reached XP level 2. HP: 11/16 MP: 3/10
    20 | D        | Learned a level 2 spell: Throw Flame
    99 | D        | Noticed an ogre
   105 | D        | Killed an ogre
   105 | D        | Reached skill level 7 in Spellcasting
   105 | D        | Reached skill level 5 in Fire Magic
   105 | D        | Reached XP level 3. HP: 22/22 MP: 5/13
   105 | D        | Reached XP level 4. HP: 27/27 MP: 5/15
   110 | D        | Learned a level 3 spell: Conjure Flame
   114 | D        | Learned a level 3 spell: Inner Flame
   119 | D        | Learned a level 4 spell: Sticky Flame
   174 | D        | Noticed Sigmund
   180 | D        | Killed Sigmund
   180 | D        | Reached skill level 5 in Dodging
   180 | D        | Reached skill level 9 in Spellcasting
   180 | D        | Reached skill level 5 in Conjurations
   180 | D        | Reached XP level 5. HP: 32/32 MP: 7/18
   180 | D        | Reached XP level 6. HP: 37/37 MP: 7/20
   187 | D        | Learned a level 5 spell: Fireball
   254 | D        | Found an ornate altar of the Wu Jian Council.
   254 | D        | Found a deep blue altar of Sif Muna.
   258 | D        | Found a radiant altar of Vehumet.
   274 | D        | Became a worshipper of Vehumet
   293 | D        | Found Tiavomn's Book Emporium.
   293 | D        | Found an ancient bone altar of Kikubaaqudgha.
   293 | D        | Found a hazy altar of Hepliaklqana.
   293 | D        | Found a stormy altar of Qazlal.
   293 | D        | Found a hide-covered altar of Uskayaw.
   293 | D        | Found a blossoming altar of Fedhas.
   293 | D        | Found a bloodstained altar of Trog.
   293 | D        | Found an iron altar of Okawaru.
   293 | D        | Found a basalt altar of Yredelemnul.
   293 | D        | Found a glowing golden altar of the Shining One.
   293 | D        | Found a snail-covered altar of Cheibriados.
   293 | D        | Found a sacrificial altar of Ru.
   293 | D        | Found a glowing silver altar of Zin.
   293 | D        | Found a shadowy altar of Dithmenos.
   293 | D        | Found a white marble altar of Elyvilon.
   293 | D        | Noticed a yak
   300 | D        | Killed a yak
   300 | D        | Reached skill level 10 in Spellcasting
   301 | D        | Found an opulent altar of Gozag.
   302 | D        | Found a sparkling altar of Nemelex Xobeh.
   461 | D        | Noticed Sonja
   466 | D        | HP: 1/39 [Sonja/uncursed dagger of distortion (4)]
   466 | D        | Slain by Sonja

Vault maps used:
D:        dungeon_sprint_1

Skill      XL: |  1  2  3  4  5  6 |
---------------+-------------------+-----
Fighting       | 1 2 3 4 |  4.3
Armour         | 1 2 3 4 |  4.4
Dodging        | 3 4 5 6 |  6.9
Spellcasting   | 5 7 9 10 | 10.5
Conjurations   | 2 3 5 6 |  6.0
Fire Magic     | 4 5 6 |  6.9
Stealth        | |  2.4

Action                   |  1- 3 |  4- 6 || total
-------------------------+-------+-------++-------
 Cast: Flame Tongue      |    14 |    12 ||    26
       Sticky Flame      |       |     4 ||     4
       Fireball          |       |     1 ||     1
  Use: Potion            |     2 |       ||     2
Dodge: Dodged            |     5 |     8 ||    13

Table legend:
 A = Spawn XP
 B = Non-spawn XP
 C = Spawn XP percentage of total XP
 D = Spawn monster count
 E = Non-spawn monster count
 F = Spawn count percentage of total count
 G = Total turns spent on level
                    A         B        C        D         E        F      G
               +---------+---------+-------+---------+---------+-------+---------
         Total |       0 |     646 |   0.0 |       0 |       5 |   0.0 |   466
               +---------+---------+-------+---------+---------+-------+---------
             D |       0 |     646 |   0.0 |       0 |       5 |   0.0 |   466
               +---------+---------+-------+---------+---------+-------+---------
